[Event "ETCC Women 2013"]
[Site "Warsaw"]
[Date "2013.11.12"]
[Round "5"]
[White "Worek, Joanna"]
[Black "Efroimski, Marsel"]
[Result "1/2-1/2"]
[ECO "D85"]
[WhiteElo "2336"]
[BlackElo "2313"]
[PlyCount "132"]
[EventDate "2013.??.??"]
[EventCountry "POL"]
[WhiteTeam "Poland"]
[BlackTeam "Israel"]
[WhiteTeamCountry "POL"]
[BlackTeamCountry "ISR"]
[TimeControl "40/5400+30:1800+30"]

1. d4 Nf6 2. c4 g6 3. Nc3 d5 4. cxd5 Nxd5 5. e4 Nxc3 6. bxc3 Bg7 7. Be3 c5 8. Qd2 O-O 9. Rc1 Qa5 10. d5 e6 11. Be2 Rd8 12. Bg5 f6 13.
c4 Qxd2+ 14. Bxd2 b6 15. h4 Re8 16. Kf1 Ba6 17. h5 Nd7 18. hxg6 hxg6 19. Rh3 Bb7 20. Rg3 Nf8 21. Nh3 Kf7 22. Bd3 e5 23. Be2 Bc8 24. Rb1 Nd7 25.
a4 Rh8 26. Bg4 Nf8 27. Bxc8 Rxc8 28. Ra3 Nd7 29. f3 a5 30. Rab3 Bf8 31. Nf2 Bd6 32. Nd1 Ke7 33. Nc3 Rh1+ 34. Kf2 Rxb1 35. Rxb1 Rh8 36. Kg1 Rh4 37. g3 Rh8 38. Kg2 Rh7 39. Ne2 Bc7 40. Nc1 Rh8 41. Nd3 g5 42.
Nf2 Nf8 43. Ng4 Bd8 44. f4 gxf4 45. gxf4 Nd7 46. fxe5 Rg8 47.
Kf3 Nxe5+ 48. Nxe5 fxe5 49. Rh1 Kd7 50. Be3 Rf8+ 51. Ke2 Rf7 52.
Rh5 Bc7 53. Bd2 Rg7 54. Be3 Rg2+ 55. Bf2 Rg7 56. Rh6 Rg4 57.
Rh7+ Kc8 58. Rh4 Rg7 59. Rh5 Rg4 60. Kf3 Rf4+ 61. Ke3 Rg4 62. Rf5 Rg7 63. Kf3 Kd7 64. Bg3 Re7 65. Rh5 Rf7+ 66. Ke2 Re7 1/2-1/2

[Event "ETCC Women 2013"]
[Site "Warsaw"]
[Date "2013.11.12"]
[Round "5"]
[White "Yildiz, Betul Cemre"]
[Black "Hoang, Thanh Trang"]
[Result "1/2-1/2"]
[ECO "A40"]
[WhiteElo "2291"]
[BlackElo "2511"]
[PlyCount "104"]
[EventDate "2013.??.??"]
[EventCountry "POL"]
[WhiteTeam "Turkey"]
[BlackTeam "Hungary"]
[WhiteTeamCountry "TUR"]
[BlackTeamCountry "HUN"]
[TimeControl "40/5400+30:1800+30"]

1. d4 e6 2. Nf3 f5 3. g3 Nf6 4. Bg2 d5 5. O-O Bd6 6. c4 c6 7. b3 Qe7 8. Bf4 Bxf4 9. gxf4 O-O 10. Nbd2 Nbd7 11. Ne5 Ne4 12. e3 Nxe5 13. dxe5 b6 14. Qc2 Bb7 15. Rfd1 Rad8 16. Nf3 c5 17. Ne1 d4 18. Rd3 Nc3 19. Bxb7 Qxb7 20. Qd2 Rd7 21. f3 Rfd8 22. a4 a6 23. Kg2 b5 24. axb5 axb5 25. exd4 cxd4 26. Nc2 bxc4 27. bxc4 Qb6 28. Rc1 Na4 29. Qb4 Qxb4 30. Nxb4 Nc5 31. Ra3 d3 32. Rd1 d2 33. Kf2 Rb7 34. Nc6 Rc8 35.
Nd4 Rb2 36. Ke3 Rd8 37. Ra5 Nb3 38. Nxb3 Rxb3+ 39. Ke2 Rc3 40.
c5 Rc2 41. Ra6 Rxc5 42. Rxd2 Rxd2+ 43. Kxd2 Rd5+ 44. Ke3 Kf7 45.
Ra7+ Kf8 46. Kf2 Rd8 47. Kg3 Re8 48. h4 Re7 49. Ra8+ Kf7 50. Ra6 Kg6 51. Rb6 Kh5 52. Ra6 Kg6 1/2-1/2

[Event "ETCC Women 2013"]
[Site "Warsaw"]
[Date "2013.11.12"]
[Round "5"]
[White "Zawadzka, Jolanta"]
[Black "Ushenina, Anna"]
[Result "0-1"]
[ECO "B97"]
[WhiteElo "2383"]
[BlackElo "2492"]
[PlyCount "106"]
[EventDate "2013.??.??"]
[EventCountry "POL"]
[WhiteTeam "Poland"]
[BlackTeam "Ukraine"]
[WhiteTeamCountry "POL"]
[BlackTeamCountry "UKR"]
[TimeControl "40/5400+30:1800+30"]

1. e4 c5 2. Nf3 d6 3. d4 cxd4 4. Nxd4 Nf6 5. Nc3 a6 6. Bg5 e6 7. f4 Qb6 8.
Nb3 Be7 9. Qf3 Nbd7 10. O-O-O Qc7 11. Bd3 b5 12. Kb1 b4 13. Ne2 Bb7 14. Rhe1 a5 15. g4 h6 16. Bxf6 Bxf6 17. Nbd4 Qb6 18. Nb5 Be7 19. Qg3 Nc5 20. e5 dxe5 21. fxe5 Nxd3 22. Qxd3 O-O 23. Nd6 Bd5 24. Nf5 exf5 25. Qxd5 fxg4 26. Nd4 Rad8 27. Qe4 Rfe8 28. Qxg4 Bf8 29. Rd3 Rd5 30. Nf3 Rxd3 31. cxd3 b3 32. Nd2 bxa2+ 33. Ka1 Qb4 34. Qe2 a4 35.
Nc4 Qb3 36. Nd2 Qb4 37. Kxa2 Rb8 38. Rb1 Bc5 39. e6 fxe6 40.
Qxe6+ Kh8 41. Qc4 Qxd2 42. Qxc5 Qxd3 43. Qa3 Qc2 44. Rg1 Qxh2 45. Rg4 Qc2 46. Qc3 Qb3+ 47. Qxb3 axb3+ 48. Ka3 Kh7 49. Rg3 h5 50. Rc3 Kh6 51. Rc4 Rb6 52. Ka4 g5 53. Ka5 Rg6 0-1

[Event "ETCC Women 2013"]
[Site "Warsaw"]
[Date "2013.11.12"]
[Round "5"]
[White "Ziaziulkina, Nastassia"]
[Black "Moser, Eva"]
[Result "1-0"]
[ECO "C41"]
[WhiteElo "2350"]
[BlackElo "2434"]
[PlyCount "73"]
[EventDate "2013.??.??"]
[EventCountry "POL"]
[WhiteTeam "Belarus"]
[BlackTeam "Austria"]
[WhiteTeamCountry "BLR"]
[BlackTeamCountry "AUT"]
[TimeControl "40/5400+30:1800+30"]

1. e4 d6 2. d4 Nf6 3. Nc3 e5 4. Nf3 Nbd7 5. Bc4 Be7 6. O-O O-O 7. a4 a5 8. Re1 c6 9. h3 h6 10. Ba2 Re8 11. Be3 Qc7 12. Nd2 Nf8 13. Nc4 Ra6 14. Qf3 Ng6 15. Rad1 Rf8 16. Rd2 Nh7 17. Red1 Ng5 18. Qg3 Be6 19. f3 f5 20. exf5 Rxf5 21. Nxe5 dxe5 22. Bxe6+ Nxe6 23. Qxg6 Rf6 24. Qg3 Nf4 25. dxe5 Qxe5 26. Ne4 Rf7 27. Kh1 Ra8 28. Rd7 Raf8 29. c3 b5 30. axb5 cxb5 31. Ra7 b4 32. Rdd7 bxc3 33. bxc3 Bg5 34. Bd4 Qb5 35. Rxf7 Rxf7 36. Rxf7 Kxf7 37. Nd6+ 1-0

[Event "ETCC Women 2013"]
[Site "Warsaw"]
[Date "2013.11.12"]
[Round "5"]
[White "Zozulia, Anna"]
[Black "Franciskovic, Borka"]
[Result "1/2-1/2"]
[ECO "B19"]
[WhiteElo "2334"]
[BlackElo "2263"]
[PlyCount "187"]
[EventDate "2013.??.??"]
[EventCountry "POL"]
[WhiteTeam "Belgium"]
[BlackTeam "Croatia"]
[WhiteTeamCountry "BEL"]
[BlackTeamCountry "CRO"]
[TimeControl "40/5400+30:1800+30"]

1. e4 c6 2. d4 d5 3. Nc3 dxe4 4. Nxe4 Bf5 5. Ng3 Bg6 6. Nf3 Nd7 7. h4 h6 8. h5 Bh7 9. Bd3 Bxd3 10. Qxd3 e6 11. Bd2 Qc7 12. O-O-O Ngf6 13. Ne4 Nxe4 14. Qxe4 Nf6 15. Qe2 O-O-O 16. g3 Bd6 17. c4 c5 18.
Bc3 cxd4 19. Nxd4 a6 20. Nb3 Qc6 21. Rh4 Bc7 22. Nd4 Qd7 23. Rhh1 Qa4 24. Kb1 Rhe8 25. a3 Bb6 26. Ka2 Bxd4 27. Rxd4 Rxd4 28. Bxd4 Rd8 29. Bxf6 gxf6 30. Rc1 Qa5 31. Rc3 Qe5 32. Qf3 f5 33. Qe3 Qxe3 34. Rxe3 Rg8 35. Re1 Rg5 36. Rh1 f4 37. gxf4 Rg4 38. f5 e5 39. Kb3 Rf4 40. Rh2 Rxf5 41. Kc3 Kd7 42.
Kd3 Ke6 43. Ke3 Rf4 44. b3 a5 45. f3 a4 46. Rb2 axb3 47. Rxb3 Rxc4 48. Rxb7 Rc3+ 49. Kf2 Rxa3 50. Rb6+ Kf5 51. Rxh6 Kg5 52. Rb6 f6 53. h6 Ra7 54. Kg3 Rh7 55. f4+ exf4+ 56. Kf3 Rxh6 57. Rb5+ f5 58. Rb8 Rh3+ 59. Kg2 Ra3 60. Rg8+ Kf6 61. Kf2 Rb3 62. Re8 Ra3 63. Rg8 Rc3 64. Re8 f3 65. Re3 Rc2+ 66. Kxf3 Kg5 67. Ra3 Rc4 68. Kg3 Rg4+ 69. Kf3 Rh4 70. Kg2 Kg4 71. Ra4+ f4 72. Ra3 Rh6 73. Rb3 Rc6 74.
Ra3 Re6 75. Rb3 Re3 76. Rb8 Re2+ 77. Kf1 Kf3 78. Rb3+ Re3 79.
Rb2 Ra3 80. Rf2+ Kg4 81. Rg2+ Kf5 82. Rb2 Kg4 83. Rg2+ Rg3 84.
Ra2 Kh3 85. Ra8 Kg4 86. Kf2 Rf3+ 87. Kg2 Re3 88. Rg8+ Kf5 89.
Kf2 Re5 90. Kf3 Re3+ 91. Kf2 Ke4 92. Re8+ Kd3 93. Rd8+ Ke4 94.
Re8+ {[%emt 0:00:03] Ke5} 1/2-1/2

[Event "ETCC Open 2013"]
[Site "Warsaw"]
[Date "2013.11.12"]
[Round "5"]
[White "Bartel, Mateusz"]
[Black "Kjartansson, Gudmundur"]
[Result "1-0"]
[ECO "B00"]
[WhiteElo "2626"]
[BlackElo "2455"]
[PlyCount "110"]
[EventDate "2013.??.??"]
[EventCountry "POL"]
[WhiteTeam "Polen"]
[BlackTeam "Island"]
[WhiteTeamCountry "POL"]
[BlackTeamCountry "ISL"]
[TimeControl "40/5400+30:1800+30"]

1. e4 d6 2. Bc4 g6 3. Nf3 Bg7 4. d4 Nf6 5. Qe2 O-O 6. h3 c5 7. dxc5 Qa5+ 8.
Nc3 Qxc5 9. Be3 Qc7 10. O-O a6 11. a4 b6 12. Bd4 e5 13. Nd5 Nxd5 14. Bxd5 Bb7 15. Bxb7 Qxb7 16. Bc3 Nc6 17. Rfd1 Rfd8 18. b3 Rac8 19. Bb2 Rd7 20. c4 Nd8 21. Ba3 Qc6 22. Rd5 Ne6 23. g3 Nc7 24. Rd3 Ne6 25.
Rad1 Rcd8 26. Qe3 h6 27. Kh2 Kh7 28. Bb4 Nd4 29. Nxd4 exd4 30. Rxd4 Bxd4 31. Rxd4 Re8 32. Qf4 Re6 33. Rd5 g5 34. Qf5+ Kg8 35. h4 gxh4 36. Qg4+ Rg6 37. Qxh4 Qc8 38. Qf4 Qd8 39. Bc3 Qe7 40. Qe3 Rg5 41. Qxb6 Rxd5 42. exd5 Rb7 43. Qd4 f6 44. b4 Qf7 45. Qf4 Kg7 46. Qxd6 Qh5+ 47. Kg2 Qf5 48. Qf4 Qxf4 49. gxf4 Kg6 50. c5 Kf5 51. c6 Rg7+ 52. Kf3 Rg8 53. d6 Ke6 54. d7 Kd6 55. Bxf6 Kd5 {Ke4+} 1-0

[Event "ETCC Open 2013"]
[Site "Warsaw"]
[Date "2013.11.12"]
[Round "5"]
[White "Duda, Jan-Krzysztof"]
[Black "Salgado Lopez, Ivan"]
[Result "1/2-1/2"]
[ECO "B15"]
[WhiteElo "2542"]
[BlackElo "2610"]
[PlyCount "82"]
[EventDate "2013.??.??"]
[EventCountry "POL"]
[WhiteTeam "Polen"]
[BlackTeam "Spanien"]
[WhiteTeamCountry "POL"]
[BlackTeamCountry "ESP"]
[TimeControl "40/5400+30:1800+30"]

1. e4 c6 2. d4 d5 3. Nc3 dxe4 4. Nxe4 Nf6 5. Nxf6+ exf6 6. c3 Bd6 7. Bd3 O-O 8. Ne2 Re8 9. O-O Na6 10. Bf4 Nc7 11. Qd2 g6 12. Rfe1 Be6 13.
Bg3 Bxg3 14. hxg3 Qd6 15. Nf4 Rad8 16. b4 b6 17. Rad1 Kg7 18.
Nxe6+ Rxe6 19. Bc4 Rxe1+ 20. Rxe1 Re8 21. Rd1 h5 22. a4 Re7 23.
Be2 a5 24. bxa5 bxa5 25. Bf3 Nd5 26. c4 Nb4 27. g4 hxg4 28. Bxg4 c5 29. dxc5 Qxc5 30. Qf4 Qe5 31. Qxe5 fxe5 32. Bd7 e4 33. c5 Re5 34. c6 Rc5 35. Re1 f5 36. f3 Nd3 37. Re3 Rc1+ 38. Kh2 Ne5 39. Kg3 Nd3 40. Kh2 Ne5 41. Kg3 Nd3 1/2-1/2

[Event "ETCC Open 2013"]
[Site "Warsaw"]
[Date "2013.11.12"]
[Round "5"]
[White "Fedorchuk, Sergey A"]
[Black "Szabo, Gergely-Andras-Gyul"]
[Result "1/2-1/2"]
[ECO "C07"]
[WhiteElo "2666"]
[BlackElo "2548"]
[PlyCount "92"]
[EventDate "2013.??.??"]
[EventCountry "POL"]
[WhiteTeam "Ukraine"]
[BlackTeam "Rumänien"]
[WhiteTeamCountry "UKR"]
[BlackTeamCountry "ROU"]
[TimeControl "40/5400+30:1800+30"]

1. e4 e6 2. d4 d5 3. Nd2 c5 4. dxc5 Bxc5 5. exd5 exd5 6. Nb3 Bb6 7. Bb5+ Nc6 8. Qe2+ Nge7 9. Bg5 h6 10. Bh4 Be6 11. Nf3 O-O 12. O-O Qc8 13. Bxe7 Nxe7 14. Nfd4 Nc6 15. c3 Bg4 16. Qd2 Ne5 17. h3 Bh5 18.
Qf4 Qc7 19. Qh4 Bg6 20. f4 Bd3 21. Bxd3 Nxd3 22. Kh1 Qd8 23. Qh5 Qd6 24. Nf5 Qf6 25. Rf3 Nf2+ 26. Kh2 Ne4 27. Nbd4 Rad8 28. Rd1 Bc7 29. Kg1 Bb6 30. Ne3 Qd6 31. Ndf5 Bxe3+ 32. Nxe3 Qb6 33. Kh2 Nf6 34. Qh4 Qe6 35. Rd4 Rfe8 36. Kg1 Ne4 37. f5 Qb6 38. Kh2 Ng5 39. Rg3 Re4 40. Rxe4 dxe4 41. Qf4 Qxb2 42. h4 Nf3+ 43. Kh3 Ng1+ 44. Kh2 Nf3+ 45. Kh3 Ng1+ 46. Kh2 Nf3+ 1/2-1/2

[Event "ETCC Open 2013"]
[Site "Warsaw"]
[Date "2013.11.12"]
[Round "5"]
[White "Heberla, Bartlomiej"]
[Black "Sokolov, Ivan"]
[Result "*"]
[ECO "A21"]
[WhiteElo "2556"]
[BlackElo "2625"]
[PlyCount "198"]
[EventDate "2013.??.??"]
[EventCountry "POL"]
[WhiteTeam "Polen"]
[BlackTeam "Niederlande"]
[WhiteTeamCountry "POL"]
[BlackTeamCountry "NED"]
[TimeControl "40/5400+30:1800+30"]

1. c4 e5 2. Nc3 Bb4 3. Nd5 Bc5 4. Nf3 c6 5. Nc3 d6 6. d4 exd4 7. Nxd4 Nf6 8.
Nb3 Bb4 9. Bg5 Nbd7 10. Qc2 h6 11. Bh4 O-O 12. e3 Re8 13. a3 Bxc3+ 14. Qxc3 g5 15. Bg3 Ne4 16. Qc2 Ndc5 17. Bd3 Nxd3+ 18. Qxd3 Bf5 19. Qd1 Qb6 20. O-O Rad8 21. Nd4 Bg6 22. Qc1 d5 23. cxd5 Rxd5 24. f3 Nxg3 25. hxg3 Rde5 26. b4 Rxe3 27. Qc5 Qxc5 28. bxc5 Rd8 29. Rfd1 Rc3 30. Kh2 Rxc5 31. Nxc6 Re8 32. Nb4 a5 33. Nd5 Kg7 34. Rac1 Rec8 35. Rxc5 Rxc5 36. g4 b5 37. Kg3 f5 38. gxf5 Bxf5 39. Ne3 Be6 40. Rd6 Kf7 41. Rb6 h5 42. f4 Rc3 43. Kf3 gxf4 44. Kxf4 Rc5 45. Rb7+ Kf6 46. Ke4 a4 47. Kd4 Rg5 48. Ke4 Bb3 49. Rb6+ Be6 50.
Rb7 Bb3 51. Rb6+ Ke7 52. Nf5+ Kd7 53. Rxb5 Rxg2 54. Nd4 Rg4+ 55.
Ke5 Kc7 56. Rc5+ Kb6 57. Rb5+ Ka6 58. Rb8 Rg3 59. Nc6 Rg6 60. Nd4 Ka7 61. Rb5 Rb6 62. Kf4 Bd1 63. Rd5 Ka6 64. Rd8 Rg6 65. Rb8 Rf6+ 66. Ke5 Rb6 67. Ra8+ Kb7 68. Rh8 Rg6 69. Kd5 Rg3 70. Rh7+ Kc8 71. Kd6 Rd3 72. Kc5 Rxa3 73. Nb5 Rg3 74. Kc6 Bf3+ 75. Kd6 Rg6+ 76. Kc5 Kd8 77. Nd4 Rg5+ 78. Kc4 Bg4 79. Kb4 Bd7 80. Ne2 Rg4+ 81. Ka3 h4 82.
Nc3 Rd4 83. Ne2 Rc4 84. Kb2 Rc2+ 85. Ka3 Rxe2 86. Rxh4 Re3+ 87.
Ka2 Kc7 88. Rh1 Kb6 89. Rh5 Bb5 90. Rg5 Bc4+ 91. Ka1 Re2 92. Rh5 Kc6 93. Rg5 Bd5 94. Rg4 Kb5 95. Rg1 Kb4 96. Rb1+ Bb3 97. Rc1 Bc2 98. Kb2 Be4+ 99. Ka1 Re3 *

[Event "ETCC Open 2013"]
[Site "Warsaw"]
[Date "2013.11.12"]
[Round "5"]
[White "Karttunen, Mika"]
[Black "Blagojevic, Dragisa"]
[Result "0-1"]
[ECO "D45"]
[WhiteElo "2440"]
[BlackElo "2524"]
[PlyCount "160"]
[EventDate "2013.??.??"]
[EventCountry "POL"]
[WhiteTeam "Finnland"]
[BlackTeam "Montenegro"]
[WhiteTeamCountry "FIN"]
[BlackTeamCountry "MNE"]
[TimeControl "40/5400+30:1800+30"]

1. c4 e6 2. Nc3 d5 3. d4 c6 4. Nf3 Nf6 5. e3 Nbd7 6. b3 Bb4 7. Bd2 Qe7 8.
Be2 b6 9. O-O O-O 10. Ne1 Bb7 11. Nd3 Bd6 12. f4 c5 13. Ne5 Rfc8 14. Bd3 cxd4 15. exd4 Bb4 16. Qe1 Nf8 17. cxd5 Bxc3 18. Bxc3 Nxd5 19. Bd2 f5 20. Nc4 Qd8 21. Rd1 Nf6 22. Bc3 Rc7 23. Bb2 Rac8 24. Rf2 Be4 25. Bf1 b5 26. Ne3 a6 27. a4 Rb7 28. axb5 axb5 29. Ba3 Ng6 30.
Bc5 Ra8 31. g3 Ne7 32. Nc2 Ned5 33. Ra1 h6 34. Na3 Qd7 35. h3 Nc7 36. Nc2 Rbb8 37. Nb4 Bb7 38. Rd1 Ne4 39. Rc2 Nd5 40. Nd3 Ndf6 41. Nb4 Ra3 42. Rd3 Rba8 43. Rc1 Qd8 44. Bg2 Qa5 45. Be7 Nd5 46. Nxd5 Qxe1+ 47. Rxe1 Ra1 48. Nf6+ Nxf6 49. Rde3 Bxg2 50. Bxf6 Bd5 51. Be5 Rxe1+ 52. Rxe1 Bxb3 53. d5 exd5 54. Ra1 Rxa1+ 55. Bxa1 b4 56. Kf2 Bc4 57. Bd4 Kf7 58. Bc5 b3 59. Bd4 Bd3 60. Bb2 Be4 61. Bd4 g5 62.
h4 Kg6 63. fxg5 hxg5 64. hxg5 Kxg5 65. Be5 Kg4 66. Bb2 Bd3 67. Be5 Bc4 68. Kg2 Bb5 69. Kf2 Bc6 70. Bb2 Bb7 71. Bc3 Ba6 72. Be5 Bc4 73. Kg2 Be2 74. Kf2 Bf3 75. Bb2 f4 76. gxf4 Kxf4 77. Bc3 Ke4 78. Bb2 Bh5 79. Ke1 Kd3 80. Ba1 Kc2 0-1

[Event "ETCC Open 2013"]
[Site "Warsaw"]
[Date "2013.11.12"]
[Round "5"]
[White "Nevednichy, Vladislav"]
[Black "Moiseenko, Alexander"]
[Result "0-1"]
[ECO "B30"]
[WhiteElo "2590"]
[BlackElo "2709"]
[PlyCount "163"]
[EventDate "2013.??.??"]
[EventCountry "POL"]
[WhiteTeam "Rumänien"]
[BlackTeam "Ukraine"]
[WhiteTeamCountry "ROU"]
[BlackTeamCountry "UKR"]
[TimeControl "40/5400+30:1800+30"]

1. e4 c5 2. Nf3 Nc6 3. Bb5 e6 4. Bxc6 bxc6 5. b3 f6 6. Bb2 Nh6 7. e5 d6 8.
exd6 Bxd6 9. d3 O-O 10. Nbd2 e5 11. Ne4 Be7 12. Ng3 c4 13. bxc4 Bb4+ 14. c3 Bd6 15. O-O c5 16. d4 Bb7 17. Re1 Rb8 18. Bc1 Nf7 19. Nf5 cxd4 20.
cxd4 Bb4 21. Re3 g6 22. Ng3 f5 23. Rb3 f4 24. Nf1 a5 25. d5 Ba6 26. a3 Bc5 27.
N1d2 Rxb3 28. Qxb3 Qc7 29. Bb2 Rb8 30. Qc3 Qb6 31. Rb1 Bxf2+ 32. Kh1 Qe3 33. Nxe5 Qxc3 34. Bxc3 Rxb1+ 35. Nxb1 Nxe5 36. Bxe5 Bxc4 37. d6 Kf7 38. Bxf4 Ke6 39. h3 Bc5 40. Bd2 Bd3 41. Nc3 Bxd6 42. Nd1 a4 43. Nc3 Bc2 44. Bc1 Kd7 45. Kg1 Kc6 46. Kf2 Kc5 47. Ke3 Kc4 48. Kd2 Kb3 49. Ne2 Be4 50. g4 g5 51. Ke1 h6 52.
Nd4+ Ka2 53. Nb5 Be5 54. Kd2 Bc6 55. Nc3+ Kb3 56. Nd1 Bg2 57. Ne3 Bxh3 58. Ke2 Bf4 59. Kf3 Bf1 60. Bd2 Ba6 61. Bb4 Bb7+ 62. Kf2 Be4 63. Bf8 Bg6 64. Kf3 h5 65. gxh5 Bxh5+ 66. Ke4 Bg6+ 67. Kf3 Be8 68. Be7 Bc6+ 69. Ke2 Be4 70. Kf2 Bg6 71. Kf3 Bh5+ 72. Ke4 Be8 73. Kf3 Bd7 74. Bc5 Be5 75. Be7 g4+ 76. Nxg4 Bxg4+ 77. Kxg4 Bb2 78. Kf3 Bxa3 79. Bf6 Bb4 80. Ke4 a3 81. Kd3 a2 82. Kd4 0-1

[Event "ETCC Open 2013"]
[Site "Warsaw"]
[Date "2013.11.12"]
[Round "5"]
[White "Palo, Davor"]
[Black "Holm, Kristian Stuvik"]
[Result "1-0"]
[ECO "E44"]
[WhiteElo "2553"]
[BlackElo "2281"]
[PlyCount "131"]
[EventDate "2013.??.??"]
[EventCountry "POL"]
[WhiteTeam "Dänemark"]
[BlackTeam "Norwegen"]
[WhiteTeamCountry "DEN"]
[BlackTeamCountry "NOR"]
[TimeControl "40/5400+30:1800+30"]

1. d4 Nf6 2. c4 e6 3. Nc3 Bb4 4. e3 b6 5. Nge2 Ne4 6. Qc2 Bb7 7. a3 Bxc3+ 8.
Nxc3 Nxc3 9. Qxc3 O-O 10. b4 a5 11. Bb2 axb4 12. axb4 Rxa1+ 13. Bxa1 Qg5 14. h4 Qf6 15. f3 d6 16. Kf2 Nd7 17. Be2 Ra8 18.
Bb2 Qe7 19. g3 f5 20. Ra1 Rxa1 21. Bxa1 Nf6 22. Qc2 Qd7 23. Bb2 Kf7 24. Ba3 h6 25. b5 Qe7 26. c5 dxc5 27. dxc5 bxc5 28. Bxc5 Qd7 29. Bd4 Nd5 30. Qc5 Qe7 31. Qa7 Bc8 32. Be5 Qd7 33. Qd4 Nf6 34. Qxd7+ Nxd7 35. Bxc7 g5 36. Bd8 gxh4 37. gxh4 Ne5 38. Bc7 Kf6 39. Kg3 Bb7 40. b6 Nd7 41. Bb5 Ne5 42. Be2 Nd7 43. h5 Ke7 44. Kh4 Kf6 45.
f4 Ke7 46. Bb5 Nf6 47. Be5 Kf7 48. Bd4 Ne4 49. Be2 Nd2 50. Kg3 Ne4+ 51. Kh2 Nd2 52. Kg1 Ne4 53. Bd1 Ba6 54. Bf3 Bb7 55. Bg2 Ba6 56. Bxe4 fxe4 57. Kf2 Kf8 58. Kg3 Kf7 59. Bc3 Bc8 60. Bd4 Ba6 61. f5 exf5 62.
Kf4 Ke6 63. Bg7 Kd7 64. Kxf5 Be2 65. Kg6 Kc6 66. Bd4 1-0

[Event "ETCC Open 2013"]
[Site "Warsaw"]
[Date "2013.11.12"]
[Round "5"]
[White "Pancevski, Filip"]
[Black "Grandelius, Nils"]
[Result "1/2-1/2"]
[ECO "B51"]
[WhiteElo "2478"]
[BlackElo "2557"]
[PlyCount "125"]
[EventDate "2013.??.??"]
[EventCountry "POL"]
[WhiteTeam "Mazedonien"]
[BlackTeam "Schweden"]
[WhiteTeamCountry "MKD"]
[BlackTeamCountry "SWE"]
[TimeControl "40/5400+30:1800+30"]

1. e4 c5 2. Nf3 d6 3. Bb5+ Nd7 4. c3 Ngf6 5. Qe2 a6 6. Ba4 b5 7. Bc2 g6 8. O-O Bg7 9. a4 Bb7 10. Re1 b4 11. cxb4 cxb4 12. d4 O-O 13. Nbd2 a5 14. Nb3 e6 15. Bd3 Nb6 16. e5 dxe5 17. dxe5 Nfd7 18. Bf4 Nd5 19. Bg5 Qb6 20. h4 h6 21. Bd2 Ne7 22. Bf4 Rfd8 23. Rac1 Nf5 24. Be4 Ba6 25. Qc2 Rac8 26. Qb1 Bc4 27. Nbd2 Ba6 28. Nb3 Bc4 29. Nbd2 Ba6 30. Rxc8 Rxc8 31. h5 g5 32. Bxf5 gxf4 33. Bd3 Bb7 34. Bh7+ Kf8 35. Be4 Ba6 36. Bd3 Rd8 37. Bxa6 Qxa6 38. Qc2 Qc8 39. Nc4 Nb6 40. Re4 Nd5 41. Rd4 Qc6 42. Qd1 Qc7 43. Qd3 Kg8 44. Kh2 Rd7 45.
Qe4 Qc6 46. b3 Qa6 47. Qd3 Qa7 48. Qe4 Bf8 49. Rd2 Bc5 50. Qc2 Nc3 51. Rxd7 Qxd7 52. Nxa5 Qa7 53. Nc4 Bxf2 54. Nd6 Qe3 55. a5 Qa7 56. Kh3 Bc5 57. Nc4 Qa8 58. Qd3 Ne4 59. Qd7 Nf2+ 60. Kh2 Ng4+ 61. Kh3 Nf2+ 62. Kh2 Ng4+ 63. Kh3 1/2-1/2

[Event "ETCC Open 2013"]
[Site "Warsaw"]
[Date "2013.11.12"]
[Round "5"]
[White "Tikkanen, Hans"]
[Black "Bogdanovski, Vlatko"]
[Result "1/2-1/2"]
[ECO "E19"]
[WhiteElo "2544"]
[BlackElo "2459"]
[PlyCount "160"]
[EventDate "2013.??.??"]
[EventCountry "POL"]
[WhiteTeam "Schweden"]
[BlackTeam "Mazedonien"]
[WhiteTeamCountry "SWE"]
[BlackTeamCountry "MKD"]
[TimeControl "40/5400+30:1800+30"]

1. Nf3 Nf6 2. c4 e6 3. g3 a6 4. Bg2 b5 5. d4 Bb7 6. O-O Be7 7. b3 c5 8. d5 exd5 9. Nh4 g6 10. cxd5 d6 11. a4 Nbd7 12. Na3 O-O 13. Bb2 Qb6 14. Rb1 Rfe8 15. e4 Bf8 16. Re1 Bg7 17. f4 Rad8 18. h3 Re7 19. Kh2 Rde8 20.
e5 dxe5 21. d6 Re6 22. Bxb7 Rxd6 23. Qf3 e4 24. Bxe4 Rde6 25. Rbd1 Rxe4 26. Rxe4 Rxe4 27. Rxd7 Nxd7 28. Bxg7 f5 29. Ba1 Qc6 30. axb5 axb5 31. Ng2 Kf7 32. Nb1 Qe6 33. Nd2 Re2 34. Qd3 c4 35. bxc4 Nc5 36. Qc3 b4 37. Qg7+ Ke8 38. Qh8+ Kd7 39. Qxh7+ Kc8 40. Be5 Qc6 41. Nf3 Nd7 42. Qe7 b3 43. Qe8+ Kb7 44. Qe7 b2 45. Qb4+ Kc8 46. Nfe1 Rxe5 47. Qxb2 Re4 48. Nf3 Rxc4 49. Qh8+ Kc7 50. Ne5 Nxe5 51. Qxe5+ Kb7 52. Qe7+ Kb6 53. Qe3+ Kb5 54. Qe5+ Rc5 55. Qb2+ Ka6 56. Qa3+ Ra5 57. Qd3+ Rb5 58. Qa3+ Kb6 59. Qe3+ Rc5 60. Qb3+ Qb5 61. Qxb5+ Kxb5 62. Nh4 Rc2+ 63. Kg1 Rc6 64. Kf2 Rf6 65. Ke3 Kc5 66. g4 Kd5 67.
Kf3 Kd4 68. Ng2 Ra6 69. Nh4 Rf6 70. Ng2 Kd5 71. Nh4 Kd6 72. Kg3 Ke7 73. Nf3 Ra6 74. Ne5 Ra3+ 75. Kh4 Kf6 76. Nd7+ Ke6 77. Ne5 Kf6 78. Nd7+ Kg7 79. gxf5 gxf5 80. Kg5 Rxh3 1/2-1/2